AoeStats
← Joachim von Ribbentropp

Arena

509198461Analyzed
4v4 RM · 5d ago on Sep 25, 2026· 55m 15s· 8 players
Game mode
Random Map
Map size
Large (8 player)
Population
200
Speed
Normal
Resources
Standard
Victory
Conquest
Starting age
Dark Age
Ending age
Imperial Age
RankedLock teamsTeams togetherTeam positionsShared explorationLock speedFull tech treeHidden civsTurbo modeCheats
Victory
Defeat
🇺🇸 Saracens · United States
917
+16
🇺🇸 Japanese · United States
854
+18
🇺🇸 Goths · United States
845
+19
🇨🇦 Varangians · Canada
829
+19
🇩🇪 Teutons · Germany
990
-57
🇦🇷 Inca · Argentina
915
-18
885
-17
🇯🇵 Persians · Japan
842
-15
Da G Un1t
11:42 Feudal Age
12:20 Double-Bit Axe
12:18 Horse Collar
18:45 Castle Age
20:35 Heavy Plow
20:51 Bow Saw
24:11 Wheelbarrow
29:09 Forging
28:59 Scale Mail Armor
29:00 Padded Archer Armor
28:50 Fletching
29:43 Stone Mining
29:49 Gold Mining
30:09 Pikeman
30:53 Crossbowman
31:39 Thumb Ring
32:28 Hand Cart
34:53 Imperial Age
34:26 Ballistics
34:02 Murder Holes
34:23 Fortified Wall
35:09 Caravan
36:00 Iron Casting
36:28 Squires
36:14 Arson
37:22 Conscription
36:23 Elite Samurai
36:50 Arbalester
37:49 Siege Engineers
40:55 Chain Mail Armor
41:41 Blast Furnace
41:59 Kataparuto
43:27 Halberdier
46:14 Elite Skirmisher
51:19 Masonry
50:52 Treadmill Crane
52:15 Chemistry
53:36 Two-Man Saw
52:26 Loom
52:29 Town Watch
52:33 Arrowslits
52:39 Guard Tower
53:00 Masonry
53:01 Careening
53:13 Shipwright
53:04 Clinker Construction
53:07 Spies/Treason
54:36 Town Patrol
55:17 Hoardings
54:48 Yasama
55:30 Keep
54:55 Bodkin Arrow
55:16 Leather Archer Armor
55:31 Plate Mail Armor
55:07 Scale Barding Armor
56:09 Dry Dock
xFREEtheCHIEFx
11:57 Feudal Age
13:22 Double-Bit Axe
13:19 Horse Collar
18:02 Castle Age
16:59 Stone Mining
19:15 Bow Saw
20:34 Heavy Plow
26:24 Gold Mining
29:22 Gold Shaft Mining
30:37 Loom
33:23 Imperial Age
31:53 Forging
31:48 Scale Barding Armor
31:34 Fletching
32:08 Ballistics
32:50 Wheelbarrow
32:04 Town Watch
32:28 Husbandry
32:43 Bloodlines
34:22 Hand Cart
33:33 Elite Mameluke
34:43 Town Patrol
34:12 Heavy Camel Rider
36:50 Iron Casting
36:36 Chain Barding Armor
36:50 Caravan
37:21 Coinage
36:53 Light Cavalry
39:02 Siege Engineers
41:24 Blast Furnace
41:00 Plate Barding Armor
41:07 Banking
44:40 Heavy Camel Rider
52:51 Spies/Treason
53:12 Spies/Treason
Lost My Scout
0:31 Loom
13:03 Feudal Age
13:40 Horse Collar
13:50 Double-Bit Axe
13:58 Gold Mining
14:31 Man-at-Arms
17:29 Stone Mining
21:36 Castle Age
19:58 Scale Mail Armor
20:00 Fletching
20:50 Forging
22:45 Bow Saw
23:27 Heavy Plow
24:59 Squires
24:20 Pikeman
24:20 Long Swordsman
26:28 Wheelbarrow
25:42 Town Watch
27:38 Hand Cart
31:04 Stone Shaft Mining
30:42 Town Patrol
30:36 Treadmill Crane
31:17 Ballistics
31:21 Masonry
31:19 Murder Holes
33:34 Bodkin Arrow
37:48 Imperial Age
35:16 Herbal Medicine
35:51 Chain Mail Armor
36:34 Anarchy
37:29 Iron Casting
39:32 Conscription
40:00 Perfusion
41:45 Chemistry
42:03 Halberdier
45:38 Blast Furnace
44:38 Bracer
45:12 Architecture
45:13 Elite Huskarl
Krypp
11:56 Feudal Age
15:32 Double-Bit Axe
18:43 Castle Age
17:52 Horse Collar
20:12 Bow Saw
25:24 Scale Mail Armor
26:04 Caravan
33:17 Imperial Age
31:12 Forging
33:14 Chain Mail Armor
35:59 Scale Barding Armor
35:45 Fletching
35:55 Padded Archer Armor
39:33 Elite Jarl
40:44 Ballistics
41:24 Chemistry
42:55 Two-Man Saw
41:58 Heavy Plow
42:24 Chain Barding Armor
42:02 Bodkin Arrow
42:22 Leather Archer Armor
45:33 Elite Varangian Guard
Tcmuz
15:28 Feudal Age
16:34 Horse Collar
18:38 Forging
18:30 Padded Archer Armor
18:21 Fletching
20:15 Stone Mining
20:16 Gold Mining
26:07 Castle Age
27:56 Double-Bit Axe
28:48 Stone Shaft Mining
27:40 Elite Skirmisher
27:43 Crossbowman
29:14 Heavy Plow
37:32 Imperial Age
39:05 Leather Archer Armor
38:47 Bodkin Arrow
38:20 Elite Teutonic Knight
41:30 Crop Rotation
Gordo
7:30 Loom
9:19 Feudal Age
17:49 Castle Age
16:09 Double-Bit Axe
16:08 Horse Collar
16:15 Horse Collar
17:54 Champi Runner
18:53 Squires
19:24 Scale Mail Armor
19:32 Heavy Plow
20:24 Pikeman
23:20 Padded Archer Armor
28:18 Wheelbarrow
29:09 Bow Saw
29:38 Leather Archer Armor
29:15 Fletching
30:47 Bodkin Arrow
30:44 Arson
35:22 Forging
38:26 Imperial Age
37:27 Gold Mining
38:57 Andean Sling
40:46 Crop Rotation
40:55 Gold Shaft Mining
41:28 Conscription
42:28 Hand Cart
43:19 Ballistics
44:00 Chemistry
45:48 Ring Archer Armor
46:38 Chain Mail Armor
46:59 Iron Casting
47:55 Plate Mail Armor
48:19 Elite Kamayuk
51:59 Blast Furnace
kokokun
11:50 Feudal Age
16:29 Castle Age
15:01 Double-Bit Axe
14:59 Horse Collar
15:12 Gold Mining
17:26 Bow Saw
18:21 Wheelbarrow
18:02 Loom
20:02 Stone Mining
21:20 Heavy Plow
23:27 Scale Barding Armor
23:33 Forging
25:38 Chain Barding Armor
25:54 Iron Casting
27:01 Stone Shaft Mining
27:11 Gold Shaft Mining
28:22 Hand Cart
31:37 Imperial Age
30:45 Iron Casting
30:29 Pikeman
32:25 Citadels
33:25 Blast Furnace
33:54 Two-Man Saw
33:44 Crop Rotation
33:54 Ballistics
34:35 Chemistry
34:45 Plate Barding Armor
34:42 Masonry
36:45 Husbandry
36:56 Bloodlines
38:36 Town Watch
Joachim von Ribbentropp
4:23 Loom
12:43 Feudal Age
16:50 Castle Age
14:47 Double-Bit Axe
14:44 Horse Collar
15:59 Forging
18:41 Fletching
22:00 Ballistics
22:48 Town Watch
27:40 Wheelbarrow
28:25 Squires
28:11 Arson
28:14 Gambesons
28:34 Scale Mail Armor
35:45 Imperial Age
34:31 Iron Casting
34:12 Chain Mail Armor
34:07 Scale Barding Armor
36:12 Chain Mail Armor
35:47 Gothikon
36:48 Conscription
35:49 Elite Jarl
39:42 Elite Varangian Guard
Connection lost

Rejoining the realm…

Still unreachable

The connection could not be restored.

Session expired

The server has moved on; the page needs a fresh start.